 Dungeon Crawl Stone Soup version 0.31-a0-1074-g0b22e4e0f1 (webtiles) character file.

Game seed: 11693036607485185116

9815 nmoody145 the Spear-Bearer (level 11, -1/97 HPs)
             Began as a Hill Orc Fighter on Nov 27, 2023.
             Was a Follower of Ashenzari.
             Slain by a catoblepas (23 damage)
             ... on level 1 of the Lair of Beasts.
             The game lasted 00:43:26 (10525 turns).

nmoody145 the Spear-Bearer (Hill Orc Fighter)      Turns: 10525, Time: 00:43:27

Health: -1/97      AC: 15    Str: 22    XL:     11   Next: 52%
Magic:  11/11      EV: 13    Int:  8    God:    Ashenzari [*.....]
Gold:   661        SH:  6    Dex: 12    Spells: 10/10 levels left

rFire   + . .        H - +9 lance "Wyrmbane" {slay drac, rPois rF+ rC+ AC+3}
rCold   + . .        S - +1 buckler {rN+}
rNeg    + . .        I - +2 swamp dragon scales
rPois   +            l - +0 hat
rElec   .            t - +0 cloak "Atheism of Ashenzari" {Alch, Range} (curse)
rCorr   .            (no gloves)
SInv    .            (no boots)
Will    .....        d - amulet "Lashed Prison" {Regen+, Bglg, Cun} (curse)
Stlth   +            (no ring)
HPRegen 1.16/turn    (no ring)
MPRegen 0.12/turn

%: no passive effects
@: mighty
A: no striking features
a: Renounce Religion, Shatter the Chains


You were on level 1 of the Lair of Beasts.
You worshipped Ashenzari.
Ashenzari was aware of your devotion.
You visited 3 branches of the dungeon, and saw 13 of its levels.

You collected 661 gold pieces.

Inventory:

Hand Weapons
 a - a +1 war axe of flaming
 s - a +0 sling
 x - the +8 short sword "Ycsutouc" {protect, Will+ Str+2 SInv}
   (You found it on level 3 of the Dungeon)

   Str+2:     It affects your strength (+2).
   Will+:     It increases your willpower.
   SInv:      It lets you see invisible.
 B - a +0 dagger
 H - the +9 lance "Wyrmbane" (weapon) {slay drac, rPois rF+ rC+ AC+3}
   (You took it off Maggie on level 6 of the Dungeon)

   AC+3:      It affects your AC (+3).
   rF+:       It protects you from fire.
   rC+:       It protects you from cold.
   rPois:     It protects you from poison
Missiles
 g - 21 poisoned darts
 N - 7 large rocks
Armour
 b - a +0 scale mail
 c - a +0 buckler
 f - a +0 chain mail
 l - a +0 hat (worn)
 t - the cursed +0 cloak "Atheism of Ashenzari" (worn) {Alch, Range}
   (You took it off Crazy Yiuf on level 2 of the Dungeon)

   It has a curse which improves the following skills: Alchemy: Poison Magic and
   Transmutations.
   Ranged Combat: Ranged Weapons and Throwing.
 v - a +4 ring mail
 A - an orb of guile
 I - +2 swamp dragon scales (worn)
 S - a +1 buckler of positive energy (worn)
Jewellery
 d - the cursed amulet "Lashed Prison" (around neck) {Regen+, Bglg, Cun}
   (You found it on level 5 of the Dungeon)

   [amulet of regeneration]

   Regen+:    It increases your rate of health regeneration.
   It has a curse which improves the following skills: Beguiling: Conjurations,
   Hexes and Translocations.
   Cunning:   Dodging and Stealth.
 n - a ring of fire
 q - a ring of fire
 G - a ring of wizardry
 P - a ring of magical power
Wands
 K - a wand of iceblast (5)
 Q - a wand of charming (6)
 T - a wand of polymorph (8)
Scrolls
 h - 9 scrolls of identify
 j - 4 scrolls of immolation
 m - 6 scrolls of teleportation
 o - 5 scrolls of blinking
 u - 2 scrolls of fog
 w - a scroll of fear
 y - a scroll of revelation
 C - 2 scrolls of noise
 D - a scroll of amnesia
 M - a scroll of vulnerability
Potions
 i - 4 potions of curing
 k - 2 potions of heal wounds
 p - 2 potions of degeneration
 z - a potion of magic
 E - 2 potions of attraction
 F - 3 potions of haste
 J - a potion of brilliance
 O - 2 potions of enlightenment
 U - 2 potions of lignification


   Skills:
 + Level 9.3 Fighting
 + Level 5.6 Short Blades
 + Level 6.1(9.6) Axes
 + Level 9.7(10.2) Polearms
 + Level 8.0 Armour
 + Level 5.6(6.3) Dodging
 + Level 2.2(2.9) Stealth
 + Level 7.5 Shields


You had 10 spell levels left.
You didn't know any spells.
Your spell library contained the following spells:

 Spells                   Type           Power      Damage    Failure   Level
 Apportation              Tloc           0%         N/A       58%         1
 Necrotise                Necr           0%         1d4       61%         1
 Summon Small Mammal      Summ           0%         N/A       61%         1
 Lesser Beckoning         Tloc           0%         N/A       75%         2
 Gell's Gravitas          Tloc           0%         N/A       92%         3
 Teleport Other           Tloc           0%         N/A       92%         3
 Animate Dead             Necr           0%         N/A       100%        4
 Haunt                    Necr/Summ      0%         N/A       100%        7
 Infestation              Necr           0%         N/A       100%        8


Dungeon Overview and Level Annotations

Branches:
Dungeon (11/15)            Temple (1/1) D:6            Lair (1/5) D:11
    Orc: D:9-12

Altars:
Ashenzari
Cheibriados
Dithmenos
Elyvilon
Fedhas
Gozag
Hepliaklqana
Kikubaaqudgha
Makhleb
Nemelex Xobeh
Okawaru
Qazlal
Ru
Sif Muna
Trog
Uskayaw
Vehumet
Wu Jian
Xom
Yredelemnul
Zin
The Shining One

Shops:
D:10 *

Annotations:
D:10 exclusion: statue


Message History

A wolf comes into view.
The wolf bites you but does no damage. The water moccasin bites you.
You are engulfed in calcifying dust.
The wolf bites you.
The catoblepas gores you but does no damage.
The water moccasin bites you but does no damage.
The wolf bites you.
The wolf howls!
You hear a howl!
The water moccasin barely misses you. The catoblepas gores you.
The wolf barely misses you. The water moccasin bites you!
The wolf bites you but does no damage. The catoblepas gores you.
The water moccasin bites you but does no damage.
The wolf bites you. The wolf bites you but does no damage.
The water moccasin bites you but does no damage.
The catoblepas breathes a plume of calcifying dust at you.
The blast of calcifying dust hits you.
The wolf stops to sniff the ground.
The wolf bites you but does no damage. x2
You are engulfed in calcifying dust.
The water moccasin bites you.
The wolf bites you but does no damage. x2; The catoblepas barely misses you.
The water moccasin bites you but does no damage.
You are engulfed in calcifying dust.
The wolf bites you but does no damage. The wolf bites you.
The catoblepas gores you!
The water moccasin bites you but does no damage.
The wolf bites you but does no damage. The wolf bites you.
You turn to flesh and can move again.
You puncture the catoblepas!
The catoblepas is severely wounded.
You are engulfed in calcifying dust.
You block the wolf's attack. The wolf barely misses you.
You block the water moccasin's attack. The catoblepas gores you!
* * * LOW HITPOINT WARNING * * *
You puncture the catoblepas!
The catoblepas is severely wounded.
You are engulfed in calcifying dust.
The wolf bites you.
* * * LOW HITPOINT WARNING * * *
You block the wolf's attack. The water moccasin bites you.
* * * LOW HITPOINT WARNING * * *
The catoblepas gores you!!
You die...

.. ####.###
#......# #
##......+.#
#.......#.#
##........
#P.....$#
#.....<#
#.Y@...#
#.hhS..#
#......#
#......#
#[.+P####
#....##
#.#.# ....


You could see a catoblepas, a water moccasin and 2 wolves.

Vanquished Creatures
  2 two-headed ogres
  2 cyclopes
  Maggie (D:6)
  An unseen horror (D:11)
  A komodo dragon (D:11)
  A troll (D:10)
  A hornet (D:9)
  A shadow (D:11)
  A wyvern (D:9)
  12 yaks
  Grum (D:8)
  2 vampire mosquitoes (D:11)
  3 wargs (D:11)
  A water moccasin (D:9)
  2 acid dragons
  2 orc warriors
  2 sky beasts
  3 black bears
  2 ice beasts (D:8)
  4 ogres
  2 wolves (D:8)
  2 phantoms
  2 kobold brigands
  Blork the orc (D:4)
  3 bullfrogs
  A scorpion (D:4)
  6 wights
  5 killer bees (D:9)
  6 howler monkeys
  5 orc priests
  3 jellies
  2 gnoll boudas
  4 hounds
  Crazy Yiuf (D:2)
  A sleepcap (D:6)
  3 iguanas
  9 orc wizards
  6 gnolls
  4 adders
  A white imp (D:7)
  2 ufetubi (D:7)
  5 worms
  2 dart slugs
  18 orcs
  9 bats
  3 endoplasms
  3 giant cockroaches
  9 goblins
  7 hobgoblins
  2 quokkas
  9 ball pythons
  4 frilled lizards
  11 kobolds
  3 rats
  A spectral orc (D:4)
200 creatures vanquished.

Notes
Turn   | Place    | Note
-------+----------+-------------------------------------------
     0 | D:1      | nmoody145 the Hill Orc Fighter began the quest for the Orb.
     0 | D:1      | Reached XP level 1. HP: 19/19 MP: 1/1
   163 | D:1      | Reached XP level 2. HP: 22/27 MP: 2/2
   688 | D:2      | Reached XP level 3. HP: 29/33 MP: 3/3
  1135 | D:2      | Found a runed translucent door.
  1136 | D:2      | Noticed Crazy Yiuf
  1142 | D:2      | Killed Crazy Yiuf
  1143 | D:2      | Reached XP level 4. HP: 37/40 MP: 4/4
  1866 | D:3      | Identified the +8 short sword "Ycsutouc" {protect, Will+
                  | Str+2 SInv}
  1956 | D:4      | Found a stormy altar of Qazlal.
  2069 | D:4      | Reached skill level 5 in Axes
  2069 | D:4      | Reached XP level 5. HP: 43/46 MP: 5/5
  2250 | D:4      | Noticed Blork the orc
  2271 | D:4      | Killed Blork the orc
  2522 | D:4      | Reached skill level 1 in Dodging
  2522 | D:4      | Reached XP level 6. HP: 53/53 MP: 6/6
  2664 | D:4      | Reached skill level 1 in Short Blades
  2787 | D:4      | Found a hazy altar of Hepliaklqana.
  2902 | D:4      | Reached XP level 7. HP: 42/60 MP: 7/7
  2914 | D:4      | Reached skill level 5 in Armour
  2914 | D:4      | Reached skill level 1 in Stealth
  3403 | D:5      | Entered Level 5 of the Dungeon
  3414 | D:5      | Reached skill level 5 in Fighting
  3864 | D:5      | Reached XP level 8. HP: 41/68 MP: 8/8
  4759 | D:6      | Reached skill level 5 in Shields
  4856 | D:6      | Noticed Maggie
  4891 | D:6      | Killed Maggie
  4892 | D:6      | Reached XP level 9. HP: 15/75 MP: 9/9
  4969 | D:6      | Found a staircase to the Ecumenical Temple.
  4975 | Temple   | Entered the Ecumenical Temple
  5321 | D:7      | Reached skill level 5 in Short Blades
  5696 | D:7      | Reached skill level 1 in Polearms
  6142 | D:7      | Noticed a cyclops
  6155 | D:7      | Killed a cyclops
  6414 | D:8      | Found Bumaollu's Tremendous Tomes.
  6760 | D:8      | Noticed Grum
  6782 | D:8      | Killed Grum
  6783 | D:8      | Reached skill level 5 in Polearms
  6783 | D:8      | Reached XP level 10. HP: 29/84 MP: 10/10
  7398 | D:9      | Noticed a two-headed ogre
  7407 | D:9      | Killed a two-headed ogre
  7497 | D:9      | Found a glowing silver altar of Zin.
  7583 | D:9      | Found a shimmering blue altar of Sif Muna.
  7607 | D:9      | Found a glowing golden altar of the Shining One.
  7879 | D:9      | Found an ancient bone altar of Kikubaaqudgha.
  8385 | D:10     | Entered Level 10 of the Dungeon
  8430 | D:10     | Reached XP level 11. HP: 25/94 MP: 11/11
  8564 | D:10     | Found Zeyxko's Assorted Antiques.
  8831 | D:10     | Found a radiant altar of Vehumet.
  8978 | D:10     | Found a broken altar of Ashenzari.
  8983 | D:10     | Reached skill level 5 in Dodging
  9008 | D:10     | Became a worshipper of Ashenzari the Shackled
  9345 | D:11     | Noticed a cyclops
  9388 | D:11     | Noticed a two-headed ogre
  9554 | D:11     | Found a staircase to the Lair.
  9878 | D:11     | Killed a cyclops
  9986 | D:11     | Killed a two-headed ogre
 10052 | D:11     | Reached * piety under Ashenzari
 10495 | Lair:1   | Entered Level 1 of the Lair of Beasts
 10495 | Lair:1   | Noticed a catoblepas
 10525 | Lair:1   | Slain by a catoblepas

Illustrated notes

Levels and vault maps discovered:
D:1:      eino_arrival_water_star, layout_basic
D:2:      layout_basic, serial_park_tiny_2, uniq_crazy_yiuf_cottage
D:3:      layout_basic, minivault_19
D:4:      layout_cave_pods, nicolae_hepliaklqana_monster_ancestors,
          kennysheep_little_box, nicolae_tricolors, uniq_blork_the_orc
D:5:      layout_rooms
D:6:      layout_loops_ring, minmay_temple_entry_butterflies, uniq_maggie
D:7:      layout_loops_ring
D:8:      layout_cave_pods, chequers_serial_rivers_room_a,
          nicolae_shop_i_like_big_books, uniq_grum
D:9:      layout_stronghold, mainiacjoe_overflow_catwalk_spiral,
          marbit_many_paths, mainiacjoe_overflow_alcove_2
D:10:     layout_cave_pools, mainiacjoe_overflow_boulevard, vehumet_statue,
          serial_shops, nicolae_shop_tiny_glass, corexii_checkpoint,
          grunt_decor_resistance, hangedman_abyss_or_decor_passed
D:11:     layout_stronghold, erik_lair_orcish_takeover, serial_glass,
          glass_columns_a, glass_columns_a
Temple:   nicolae_temple_two_arcs
Lair:1:   layout_roguey, uniq_joseph, uniq_amaemon

Skill      XL: |  1  2  3  4  5  6  7  8  9 10 11 |
---------------+----------------------------------+-----
Axes           | 3 4 5 6 |  6.1
Fighting       | 4 5 6 8 9 |  9.3
Armour         | 4 5 6 7 8 |  8.0
Dodging        | 1 2 3 4 5 |  5.6
Short Blades   | 1 2 4 5 |  5.6
Shields        | 4 5 6 7 |  7.5
Stealth        | 1 2 |  2.2
Polearms       | 5 8 9 |  9.7

Action                     |  1- 3 |  4- 6 |  7- 9 | 10-12 || total
---------------------------+-------+-------+-------+-------++-------
  Melee: War axe           |    80 |    53 |       |       ||   133
         Short sword       |       |    81 |   229 |       ||   310
         Lance             |       |       |    97 |   294 ||   391
 Invoke: Curse Item        |       |       |       |     2 ||     2
    Use: Potion            |       |     1 |       |     2 ||     3
         Scroll            |       |       |     1 |     4 ||     5
 Armour: Chain mail        |    58 |    47 |       |       ||   105
         Scale mail        |    11 |       |       |       ||    11
         Ring mail         |       |    89 |   219 |       ||   308
         Swamp dragon scal |       |       |    73 |   265 ||   338
  Dodge: Dodged            |    31 |    77 |   205 |   145 ||   458
  Block: Buckler           |    19 |    37 |    87 |    79 ||   222

Table legend: (Time is in decaauts)
 A = Elapsed time spent in this place.
 B = Non-inter-level travel time spent in this place.
 C = Inter-level travel time spent in this place.
 D = Time resting spent in this place.
 E = Time spent auto-exploring this place.
 F = Levels seen in this place.
 G = Mean time per level.
                   A        B        C        D        E       F      G
               +--------+--------+--------+--------+--------+-----+--------+
         Total |  10445 |   9915 |    530 |   1706 |      0 |  13 |  803.5 |
       Dungeon |  10293 |   9763 |    530 |   1706 |      0 |  11 |  935.7 |
        Temple |    123 |    123 |      0 |      0 |      0 |   1 |  123.0 |
          Lair |     28 |     28 |      0 |      0 |      0 |   1 |   28.0 |
               +--------+--------+--------+--------+--------+-----+--------+

Top non-repeatable levels by time:
     D:4: 1505 daAuts
     D:9: 1289 daAuts
    D:11: 1144 daAuts
     D:7: 939 daAuts
    D:10: 905 daAuts
     D:5: 885 daAuts
     D:6: 870 daAuts
     D:8: 802 daAuts
     D:1: 677 daAuts
     D:2: 668 daAuts
     D:3: 604 daAuts
  Temple: 123 daAuts
  Lair:1: 28 daAuts
